 Dungeon Crawl Stone Soup version 0.28-a0-1213-g0243856f03 (webtiles) character file.

Game seed: 6409598862554224143

133 leviel the Skirmisher (level 5, 0/47 HPs)
             Began as a Hill Orc Fighter on Dec 22, 2021.
             Was an Initiate of Fedhas.
             Killed by divine providence
             ... invoked by an orc priest
              (14 damage)
             ... on level 3 of the Dungeon.
             The game lasted 00:03:31 (2554 turns).

leviel the Skirmisher (Hill Orc Fighter)            Turns: 2554, Time: 00:03:31

Health: 0/47       AC:  9    Str: 21    XL:     5   Next: 16%
Magic:  5/5        EV:  9    Int:  8    God:    Fedhas [......]
Gold:   74         SH:  4    Dex: 10    Spells: 4/4 levels left

rFire   . . .      SeeInvis .   a - +0 war axe
rCold   . . .      Faith    .   c - +0 buckler
rNeg    . . .      Spirit   .   b - +0 scale mail
rPois   .          Reflect  .   j - +2 hat
rElec   .          Harm     .   (no cloak)
rCorr   .          Rampage  .   (no gloves)
Will    .....                   (no boots)
Stlth   ..........              (no amulet)
HPRegen 0.15/turn               (no ring)
MPRegen 0.09/turn               (no ring)

@: no status effects
A: no striking features
a: Renounce Religion, Convert to Beogh


You were on level 3 of the Dungeon.
You worshipped Fedhas.
Fedhas was noncommittal.
You visited 1 branch of the dungeon, and saw 3 of its levels.

You collected 74 gold pieces.

Inventory:

Hand Weapons
 a - a +0 war axe (weapon)
Armour
 b - a +0 scale mail (worn)
 c - a +0 buckler (worn)
 j - a +2 hat (worn)
Scrolls
 h - a scroll of acquirement {unknown}
 k - a scroll of immolation {unknown}
 l - 2 scrolls of teleportation {unknown}
 m - a scroll of blinking {unknown}
Potions
 d - a potion of might
 g - a potion of brilliance {unknown}
 i - a potion of heal wounds {unknown}
 n - a potion of berserk rage {unknown}


   Skills:
 + Level 4.6 Fighting
 + Level 4.1 Axes
 + Level 4.2 Armour
 + Level 4.2 Shields


You had 4 spell levels left.
You didn't know any spells.
Your spell library contained the following spells:

 Spells                   Type           Power      Damage    Failure   Level
 Sublimation of Blood     Necr           0%         N/A       86%         2
 Wereblood                Tmut           0%         N/A       86%         2
 Frozen Ramparts          Ice            0%         1d2       98%         3
 Ice Form                 Ice/Tmut       0%         N/A       100%        4
 Summon Ice Beast         Ice/Summ       0%         N/A       100%        4
 Summon Hydra             Summ           0%         N/A       100%        7


Dungeon Overview and Level Annotations

Branches:
Dungeon (3/15)

Altars:
Fedhas


Message History

You slash the orc!
You kill the orc!
Fedhas appreciates your contribution to the ecosystem.
The orc priest hits you but does no damage.
You block the orc priest's attack.
Items here: )) [ †.
You hit the orc priest but do no damage.
The orc priest hits you with a +0 trident.
The orc priest hits you but does no damage.
You barely miss the orc priest.
The orc priest mumbles some strange prayers to Beogh against you.
Beogh smites you!
You are too injured to fight recklessly!
You are too injured to fight recklessly!
You are too injured to fight recklessly!
You are too injured to fight recklessly!
You are too injured to fight recklessly!
You are too injured to fight recklessly!
You are too injured to fight recklessly!
You are too injured to fight recklessly!
You are too injured to fight recklessly!
You are too injured to fight recklessly!
You are too injured to fight recklessly!
You are too injured to fight recklessly!
You are too injured to fight recklessly!
You are too injured to fight recklessly!
You are too injured to fight recklessly!
You are too injured to fight recklessly!
You barely miss the orc priest.
The orc priest calls down the wrath of Beogh upon you.
Beogh smites you!
* * * LOW HITPOINT WARNING * * *
You closely miss the orc priest.
The orc priest shouts, "Surrender to Beogh and we'll let you live!"
The orc priest hits you but does no damage.
You barely miss the orc priest.
The orc priest invokes the aid of Beogh against you.
Beogh smites you!
You die...
Fedhas appreciates your contribution to the ecosystem.

### #.#########
#....#....#####
#.#..#....)@o.#
######.#|#####.###.#
....†.....>....# #
####†######.####
##....###.#
##..(...##.#
#........#.#
#.......)#.#
#........#.#


You could see an orc priest.

Vanquished Creatures
  An iguana (D:3)
  3 adders
  A white imp (D:3)
  A worm (D:2)
  2 dart slugs
  4 orcs (D:3)
  5 ball pythons
  5 bats
  2 endoplasms
  8 giant cockroaches (D:3)
  8 goblins
  3 hobgoblins
  4 jackals (D:1)
  3 quokkas
  2 frilled lizards (D:1)
  A kobold (D:1)
  7 rats
60 creatures vanquished.

Notes
Turn   | Place    | Note
-------+----------+-------------------------------------------
     0 | D:1      | leviel the Hill Orc Fighter began the quest for the Orb.
     0 | D:1      | Reached XP level 1. HP: 19/19 MP: 1/1
   134 | D:1      | Reached XP level 2. HP: 27/27 MP: 2/2
   590 | D:1      | Reached XP level 3. HP: 31/33 MP: 3/3
  1482 | D:2      | Reached XP level 4. HP: 36/40 MP: 4/4
  1531 | D:2      | Found a blossoming altar of Fedhas.
  1545 | D:2      | Became a worshipper of Fedhas Madash
  2447 | D:3      | Found a blossoming altar of Fedhas.
  2507 | D:3      | Reached XP level 5. HP: 47/47 MP: 5/5
  2554 | D:3      | Killed from afar by an orc priest

Illustrated notes

Levels and vault maps discovered:
D:1:      kennysheep_arrival_forest, layout_basic, chequers_arboretum,
          chequers_serial_rivers_small_3, minmay_misc_feat_rows
D:2:      layout_basic, basic_altar
D:3:      minmay_roachtagon, layout_basic, fedhas_altar_1, trog_wizard,
          hellmonk_ecumenical_altar_inner_sanctum, gammafunk_ghost_grave

Skill      XL: |  1  2  3  4 |
---------------+-------------+-----
Axes           | 3 4 |  4.1
Fighting       | 4 |  4.6
Armour         | 4 |  4.2
Shields        | 4 |  4.2

Action                   |  1- 3 |  4- 6 || total
-------------------------+-------+-------++-------
Melee: War axe           |   106 |    72 ||   178
  Use: Scroll            |       |     2 ||     2
Armor: Scale mail        |    53 |    27 ||    80
Dodge: Dodged            |    46 |    31 ||    77
Block: Buckler           |    14 |    17 ||    31

Table legend: (Time is in decaauts)
 A = Elapsed time spent in this place.
 B = Non-inter-level travel time spent in this place.
 C = Inter-level travel time spent in this place.
 D = Time resting spent in this place.
 E = Time spent auto-exploring this place.
 F = Levels seen in this place.
 G = Mean time per level.
                   A        B        C        D        E       F      G
               +--------+--------+--------+--------+--------+-----+--------+
         Total |   2618 |   2526 |     92 |     65 |   2056 |   3 |  872.7 |
       Dungeon |   2618 |   2526 |     92 |     65 |   2056 |   3 |  872.7 |
               +--------+--------+--------+--------+--------+-----+--------+

Top non-repeatable levels by time:
     D:1: 1139 daAuts
     D:2: 1027 daAuts
     D:3: 452 daAuts
